 Dungeon Crawl Stone Soup version 0.31-a0-229-g1fc7ce93e2 (webtiles) character file.

Game seed: 15315847331532982185

42 qw the Shooter (level 3, -2/21 HPs)
             Began as a Gargoyle Hexslinger on July 6, 2023.
             Slain by a gnoll
             ... wielding a +0 spear
              (6 damage)
             ... on level 3 of the Dungeon.
             The game lasted 00:00:35 (1376 turns).

qw the Shooter (Gargoyle Hexslinger)                Turns: 1376, Time: 00:00:36

Health: -2/21      AC:  7    Str: 15    XL:     3   Next: 56%
Magic:  4/4        EV: 11    Int: 13    God:
Gold:   11         SH:  0    Dex: 14    Spells: 3/4 levels left

rFire   + . .        Y - +1 sling
rCold   x . .        (no shield)
rNeg    + . .        e - +0 leather armour
rPois   inf          (no helmet)
rElec   +            (no cloak)
rCorr   .            i - +0 pair of gloves
SInv    .            (no boots)
Will    .....        d - amulet of faith
Stlth   +            a - ring "Ufag" {Fire Str+4}
HPRegen 0.23/turn    (no ring)
MPRegen 0.09/turn

%: faith
@: no status effects
A: sickness immunity, AC +3, negative energy resistance 1, electricity
resistance, torment resistance 1, petrification resistance
a: no special abilities


You were on level 3 of the Dungeon.
You visited 1 branch of the dungeon, and saw 3 of its levels.

You collected 129 gold pieces.
You spent 118 gold pieces at shops.


Innate Abilities, Weirdness & Mutations

You are immune to sickness and miasma.
Your stone body is resilient. (AC +3)
You are immune to poison.
You resist negative energy. (rN+)
You are resistant to electric shocks. (rElec)
You are resistant to unholy torment.
You are immune to petrification.


   Skills:
 - Level 2.0 Fighting
 + Level 3.4 Ranged Weapons
 - Level 1.5 Dodging
 - Level 1.0 Spellcasting
 - Level 2.6 Hexes


You had 3 spell levels left.
You knew the following spells:

 Your Spells              Type           Power      Damage    Failure   Level
a - Slow                  Hex            28%        N/A       12%         1

Your spell library contained the following spells:

 Spells                   Type           Power      Damage    Failure   Level
 Inner Flame              Hex/Fire       6%         N/A       52%         3
 Portal Projectile        Hex/Tloc       8%         N/A       52%         3
 Cause Fear               Hex            3%         N/A       75%         4

Inventory:

Hand Weapons
 Y - a +1 sling (weapon)
Armour
 e - a +0 leather armour (worn)
 i - a +0 pair of gloves (worn)
Jewellery
 a - the ring "Ufag" (left hand) {Fire Str+4}
   (You acquired it on level 2 of the Dungeon)

   [ring of fire]

   It enhances your fire magic.
   Str:       It affects your strength (+4).
   rF:        It protects you from fire.
   rC:        It makes you vulnerable to cold.
 d - an amulet of faith (around neck)
Scrolls
 f - 2 scrolls of identify
Potions
 h - a potion of cancellation
 l - a potion of might

Dungeon Overview and Level Annotations

Branches:
Dungeon (3/15)

Altars:

Shops:
D:2 =?*=?


Message History

Enter note: 2 gnolls come into view.
The gnoll shouts! x2; You hear a shout!
An adder comes into view.
A gnoll comes into view. It is wielding a +0 spear.
Enter note:
Enter note: You shoot a sling bullet.
The gnoll shouts!
The adder hisses angrily.
The sling bullet hits the gnoll.
The gnoll is moderately wounded.
A gnoll comes into view. It is wielding a +0 spear.
You shoot a sling bullet.
The sling bullet closely misses the gnoll.
You shoot a sling bullet.
The sling bullet closely misses the gnoll.
The sling bullet hits the adder.
The adder is moderately wounded.
You shoot a sling bullet.
The sling bullet closely misses the gnoll. x2
You shoot a sling bullet. The sling bullet hits the gnoll.
The gnoll is severely wounded.
The adder closely misses you. x2; The gnoll hits you with a +0 club.
You shoot a sling bullet.
The sling bullet barely misses the gnoll.
The adder bites you but does no damage. The gnoll hits you with a +0 club.
The gnoll barely misses you. The gnoll misses you.
You shoot a sling bullet.
The sling bullet hits the gnoll but does no damage.
The gnoll is severely wounded.
The adder barely misses you. The adder closely misses you.
The gnoll hits you from afar with a +0 spear.
The gnoll misses you.
The gnoll hits you from afar with a +0 spear.
The gnoll closely misses you.
You shoot a sling bullet.
The sling bullet barely misses the gnoll.
The adder bites you.
The gnoll hits you from afar with a +0 spear.
You die...

#..............
#..............
#..............
#..............
#..............
#.....ggg......
#.....S........ #....g@#
#......#
#....###+######..
###................
#...............##..
#...................
#...................
.#............#.......
........................


You could see 4 gnolls and an adder.

Vanquished Creatures
  An adder (D:2)
  A dart slug (D:1)
  5 giant cockroaches
  3 goblins
  2 hobgoblins
  8 kobolds
  A quokka (D:3)
  A ball python (D:1)
  2 bats
  A frilled lizard (D:1)
  4 rats
29 creatures vanquished.

Notes
Turn   | Place    | Note
-------+----------+-------------------------------------------
     0 | D:1      | qw the Gargoyle Hexslinger began the quest for the Orb.
     0 | D:1      | Reached XP level 1. HP: 12/12 MP: 2/2
     0 | D:1      | 0 ||| qw: Version: 0.3-a-46-gb1f654a
     0 | D:1      | 0 ||| qw: Game counter: 1704
     0 | D:1      | 0 ||| qw: Melee chars always use a shield: true
     0 | D:1      | 0 ||| qw: God list: Okawaru
     0 | D:1      | 0 ||| qw: Allow faded altars: false
     0 | D:1      | 0 ||| qw: Do Orc after clearing Dungeon:15 true
     0 | D:1      | 0 ||| qw: Do second Lair branch before Depths: true
     0 | D:1      | 0 ||| qw: Lair rune preference: random
     0 | D:1      | 0 ||| qw: Goals: Normal
     0 | D:1      | 0 ||| PLANNING D:1-11
    91 | D:1      | Reached XP level 2. HP: 16/16 MP: 3/3
   210 | D:1      | Reached skill level 3 in Ranged Weapons
   786 | D:1      | 786 ||| UPGRADING to +0 pair of gloves.
   791 | D:1      | 791 ||| UPGRADING to amulet of faith.
   796 | D:1      | 796 ||| READING scroll labelled BISTRU PEOH RUM.
   797 | D:1      | 797 ||| READING scroll labelled CIOWIN REMMOMN.
   798 | D:1      | 798 ||| READING scroll labelled COCAKHL NOFUXTU.
   799 | D:1      | 799 ||| READING scroll labelled JOCHEE YTTAA.
   800 | D:1      | 800 ||| DROPPING scroll of poison.
   859 | D:2      | Reached XP level 3. HP: 15/21 MP: 4/4
   860 | D:2      | 860 ||| FLEEEEING.
   862 | D:2      | 862 ||| FLEEEEING.
   863 | D:2      | 863 ||| FLEEEEING.
   864 | D:2      | 864 ||| FLEEEEING.
   865 | D:2      | 865 ||| FLEEEEING.
   868 | D:2      | 868 ||| FLEEEEING.
   869 | D:2      | 869 ||| FLEEEEING.
   871 | D:2      | 871 ||| FLEEEEING.
   872 | D:2      | 872 ||| FLEEEEING.
   884 | D:2      | Found Inez's General Store.
   899 | D:2      | 899 ||| BUYING scroll of identify (22 gold).
   899 | D:2      | Bought a scroll of identify for 22 gold pieces
   974 | D:2      | Found a faded altar of an unknown god.
  1021 | D:2      | Found Ugau's Magic Scroll Shop.
  1030 | D:2      | 1030 ||| BUYING scroll of identify (24 gold).
  1030 | D:2      | Bought a scroll of identify for 24 gold pieces
  1116 | D:2      | Found Zokhlel's Jewellery Shop.
  1119 | D:2      | 1119 ||| SHOPLISTING +4 ring of protection (504 gold, have
                  | 83).
  1119 | D:2      | 1119 ||| SHOPLISTING +5 ring of evasion (504 gold, have
                  | 83).
  1119 | D:2      | 1119 ||| SHOPLISTING amulet of the Harvest {Faith rF+} (756
                  | gold, have 83).
  1119 | D:2      | 1119 ||| SHOPLISTING ring of protection from fire (350
                  | gold, have 83).
  1154 | D:2      | Found Gagu's Jewellery Shoppe.
  1162 | D:2      | 1162 ||| SHOPLISTING amulet of Circularity {rPois Regen+
                  | Int+4 Dex+3} (670 gold, have 83).
  1162 | D:2      | 1162 ||| SHOPLISTING amulet of Egeosm {Reflect Str+3 SH+5}
                  | (519 gold, have 83).
  1162 | D:2      | 1162 ||| SHOPLISTING amulet of reflection (360 gold, have
                  | 83).
  1162 | D:2      | 1162 ||| SHOPLISTING amulet of the acrobat (360 gold, have
                  | 83).
  1162 | D:2      | 1162 ||| SHOPLISTING ring of fire (300 gold, have 83).
  1162 | D:2      | 1162 ||| SHOPLISTING ring of positive energy (240 gold,
                  | have 83).
  1162 | D:2      | 1162 ||| SHOPLISTING ring of protection from cold (300
                  | gold, have 83).
  1174 | D:2      | Found Muliph's Magic Scroll Shop.
  1182 | D:2      | 1182 ||| BUYING 2 scrolls of identify (48 gold).
  1182 | D:2      | Bought 2 scrolls of identify for 48 gold pieces
  1182 | D:2      | 1182 ||| SHOPLISTING 3 scrolls of identify (72 gold, have
                  | 35).
  1182 | D:2      | 1182 ||| SHOPLISTING scroll of enchant armour (90 gold,
                  | have 35).
  1182 | D:2      | 1182 ||| BUYING scroll of identify (24 gold).
  1182 | D:2      | Bought a scroll of identify for 24 gold pieces
  1182 | D:2      | 1182 ||| SHOPLISTING scroll of identify (24 gold, have 11).
  1182 | D:2      | 1182 ||| SHOPLISTING scroll of teleportation (36 gold, have
                  | 11).
  1239 | D:2      | 1239 ||| UPGRADING to +0 leather armour.
  1249 | D:2      | 1249 ||| DROPPING +0 robe.
  1250 | D:2      | 1250 ||| DROPPING amulet of guardian spirit.
  1251 | D:2      | 1251 ||| READING scroll labelled ELOMIO KADWYATU.
  1254 | D:2      | 1254 ||| READING scroll labelled EKAP GOOTROU.
  1254 | D:2      | Identified a scroll of acquirement
  1254 | D:2      | 1254 ||| ACQUIRING ring "Ufag" {Fire Str+4}
  1254 | D:2      | Acquired the ring "Ufag" {Fire Str+4}
  1256 | D:2      | 1256 ||| UPGRADING to ring "Ufag" {Fire Str+4}.
  1257 | D:2      | 1257 ||| READING scroll labelled WEJIYQ AR BOD.
  1258 | D:2      | 1258 ||| READING 5 scrolls of identify.
  1258 | D:2      | 1258 ||| IDENTIFYING coppery potion
  1259 | D:2      | 1259 ||| READING 4 scrolls of identify.
  1259 | D:2      | 1259 ||| IDENTIFYING fuming golden potion
  1260 | D:2      | 1260 ||| READING 3 scrolls of identify.
  1260 | D:2      | 1260 ||| IDENTIFYING viscous blue potion
  1261 | D:2      | 1261 ||| DROPPING potion of magic.
  1376 | D:3      | HP: 4/21 [adder (3)]
  1376 | D:3      | Slain by a gnoll

Levels and vault maps discovered:
D:1:      dpeg_arrival_renting, layout_loops_ring
D:2:      layout_rooms, serial_shops, nicolae_diamond_shop,
          nicolae_shop_gibbet_a_chance, shop, nicolae_shop_behind_doors, shop,
          hellmonk_ecumenical_altar_arch_garden
D:3:      minmay_octagon_keep, layout_basic, amcnicky_altar_gilded,
          ebering_ghost_inner_flame, uniq_ijyb

Skill      XL: |  1  2 |
---------------+-------+-----
Ranged Weapons | 3 |  3.4
Fighting       | 2 |  2.0
Dodging        | |  1.5
Spellcasting   | |  1.0
Hexes          | |  2.6

Action                     || total
---------------------------++-------
   Fire: Sling             ||   100
    Use: Scroll            ||    10
 Armour: Robe              ||     6
         Leather armour    ||     2
  Dodge: Dodged            ||    31

Table legend:
 A = Non-vault XP
 B = Vault XP
 C = Vault XP percentage of total XP
 D = Non-vault monster count
 E = Vault monster count
 F = Vault count percentage of total count
                 A         B        C        D         E       F
            +---------+---------+-------+---------+---------+-------
      Total |      61 |       0 |   0.0 |      29 |       0 |   0.0
            +---------+---------+-------+---------+---------+-------
        D:1 |      32 |       0 |   0.0 |      18 |       0 |   0.0
        D:2 |      23 |       0 |   0.0 |       8 |       0 |   0.0
        D:3 |       6 |       0 |   0.0 |       3 |       0 |   0.0
            +---------+---------+-------+---------+---------+-------
